 Dungeon Crawl Stone Soup version 0.19.1 (webtiles) character file.

1031 Nydiazath the Covert (level 8, -2/36 HPs)
             Began as a Spriggan Enchanter on Dec 19, 2016.
             Slain by a river rat (7 damage)
             ... in a sewer.
             The game lasted 00:12:19 (6621 turns).

Nydiazath the Covert (Spriggan Enchanter)           Turns: 6621, Time: 00:12:20

Health: -2/36      AC:  4    Str:  2 (4)  XL:     8   Next: 3%
Magic:  0/13       EV: 21    Int: 16 (18) God:
Gold:   213        SH:  0    Dex: 15 (17) Spells: 3 memorised, 6 levels left

rFire  + . .     SeeInvis +     a - +1 dagger
rCold  . . .     Gourm    .     q - +2 robe {rF+}
rNeg   . . .     Faith    .     (shield restricted)
rPois  .         Spirit   .     (helmet restricted)
rElec  .         Reflect  .     (no cloak)
rCorr  .         Harm     .     (gloves unavailable)
MR     +....                    (boots unavailable)
Stlth  ++++......               (no amulet)
                                (no ring)
                                (no ring)

@: very slightly contaminated, very quick
A: unfitting armour, see invisible, herbivore 3, speed 3, slow metabolism 2
a: no special abilities


You were in a sewer.
You were very full.

You visited 1 branch of the dungeon, and saw 5 of its levels.
You also visited: Sewer.

You collected 213 gold pieces.

Inventory:

Hand Weapons
 a - a +1 dagger (weapon)
Armour
 b - a +1 robe
 q - a +2 robe of fire resistance (worn)
Jewellery
 c - an uncursed ring of magical power {unknown}
Wands
 o - a wand of paralysis (11/24)
Scrolls
 e - a scroll of teleportation {unknown}
 f - 2 scrolls of enchant weapon {unknown}
 i - 3 scrolls of identify {unknown}
 k - a scroll of fear {unknown}
 l - a scroll of amnesia {unknown}
 n - a scroll of fog {unknown}
 p - a scroll of magic mapping {unknown}
Potions
 h - a potion of lignification {unknown}
 m - a potion of cancellation {unknown}
 r - a potion of mutation {unknown}
Comestibles
 d - 3 bread rations


   Skills:
 + Level 6.6 Short Blades
 + Level 6.3 Dodging
 + Level 10.1 Stealth
 - Level 2.6 Spellcasting
 - Level 3.6 Hexes


You had 6 spell levels left.
You knew the following spells:

 Your Spells              Type           Power        Failure   Level  Hunger
a - Corona                Hex            ##.....      6%          1    #......
b - Ensorcelled Hibernat  Hex/Ice        #.....       17%         2    ##.....
c - Confuse               Hex            ##......     14%         3    ###....


Dungeon Overview and Level Annotations

Branches:
Dungeon (5/15)
 Temple: D:4-7

Altars:
The Shining One

Shops:
D:4 }


Innate Abilities, Weirdness & Mutations

You are very small and have problems with some larger weapons.
You are too small for most types of armour.
You have supernaturally acute eyesight. (SInv)
You are a herbivore.
You cover ground extremely quickly.
You need consume almost no food.


Message History

The river rat misses you. The river rat completely misses you.
You see here a potion of degeneration.
The river rat completely misses you.
The river rat twitches its whiskers.
The river rat barely misses you. The river rat misses you.
The river rat bites you!
* * * LOW HITPOINT WARNING * * *
Casting: Ensorcelled Hibernation
Confirm with . or Enter, or press ? or * to list all spells.
Aiming: Ensorcelled Hibernation
Press: ? - help, Shift-Dir - straight line, f/p - river rat
Aim: a river rat (moderately wounded, chance to defeat MR: 48%)
Okay, then.
Casting: Ensorcelled Hibernation
Confirm with . or Enter, or press ? or * to list all spells.
Aiming: Ensorcelled Hibernation
Press: ? - help, Shift-Dir - straight line, f/p - river rat
Aim: a river rat (moderately wounded, chance to defeat MR: 48%)
The river rat resists with some effort.
The river rat bites you!
You die...

###################
##...#≈≈≈≈≈≈≈≈≈≈≈≈≈≈
#....≈≈≈≈≈≈≈≈≈≈.≈≈≈≈
#..∩.≈≈≈≈≈≈≈≈≈≈≈≈≈≈≈
#..∩!.≈≈≈≈≈≈≈≈≈≈≈≈≈≈
#..rr.≈≈≈≈≈≈≈.≈≈≈≈≈≈
##.@..≈≈≈≈≈≈≈≈≈≈≈≈≈≈
###################


You could see 2 river rats.

Vanquished Creatures
  The ghost of sveltemanboy the Chiller, a novice MfIE of Ashenzari (D:5)
  Menkaure (D:5)
  An ogre (D:4)
  A centaur (D:5)
  Blork the orc (D:5)
  A hound (D:4)
  A centaur skeleton (D:5)
  3 worker ants
  An orc wizard (D:4)
  A hound skeleton (D:4)
  11 adders
  4 gnolls (D:4)
  2 oozes
  2 worms (D:2)
  A dart slug (D:2)
  5 leopard geckos
  3 orcs
  10 giant cockroaches
  12 goblins
  8 hobgoblins
  3 jackals (D:1)
  9 kobolds
  3 quokkas (D:2)
  6 bats
  7 frilled lizards
  A leopard gecko zombie (D:3)
  5 rats
104 creatures vanquished.

Notes
Turn   | Place    | Note
-------+----------+-------------------------------------------
     0 | D:1      | Nydiazath the Spriggan Enchanter began the quest for the Orb.
     0 | D:1      | Reached XP level 1. HP: 9/9 MP: 5/5
     0 | D:1      | Noticed an orb of fire
     0 | D:1      | Noticed a shadow dragon
     0 | D:1      | Noticed a green draconian
     1 | D:1      | Noticed a yellow draconian
     3 | D:1      | Noticed a shadow dragon
     3 | D:1      | Noticed a large abomination
     6 | D:1      | Noticed a large abomination
    12 | D:1      | Noticed an orb of fire
    12 | D:1      | Noticed an orb of fire
    13 | D:1      | Noticed a shadow dragon
    14 | D:1      | Noticed an iron dragon
    14 | D:1      | Noticed a green draconian
    16 | D:1      | Noticed a tentacled monstrosity
    16 | D:1      | Noticed a shadow dragon
    16 | D:1      | Noticed a green draconian
    18 | D:1      | Noticed a shadow dragon
   815 | D:2      | Reached XP level 2. HP: 13/13 MP: 6/6
   851 | D:2      | Learned a level 2 spell: Ensorcelled Hibernation
   989 | D:2      | Reached skill level 5 in Stealth
  1011 | D:2      | Reached XP level 3. HP: 6/16 MP: 5/8
  1330 | D:2      | Reached skill level 6 in Stealth
  1742 | D:2      | Reached XP level 4. HP: 13/21 MP: 4/9
  2445 | D:1      | Learned a level 3 spell: Confuse
  3960 | D:3      | Found a faded altar of an unknown god.
  3981 | D:3      | Reached skill level 7 in Stealth
  3981 | D:3      | Reached XP level 5. HP: 8/24 MP: 7/10
  5026 | D:4      | Found Tumyquah's Gadget Shop.
  5065 | D:4      | Reached XP level 6. HP: 11/28 MP: 2/11
  5283 | D:4      | Reached skill level 5 in Short Blades
  5283 | D:4      | Reached skill level 8 in Stealth
  5374 | D:4      | Found a glowing golden altar of the Shining One.
  5774 | D:5      | Entered Level 5 of the Dungeon
  5804 | D:5      | Noticed Blork the orc
  5808 | D:5      | Killed Blork the orc
  5808 | D:5      | Reached XP level 7. HP: 32/32 MP: 12/12
  5855 | D:5      | Noticed sveltemanboy's ghost (novice MfIE)
  5867 | D:5      | Killed sveltemanboy's ghost
  5867 | D:5      | Reached skill level 5 in Dodging
  5867 | D:5      | Reached skill level 9 in Stealth
  5938 | D:5      | Noticed Menkaure
  5945 | D:5      | Killed Menkaure
  5967 | D:5      | HP: 1/32 [centaur/arrow (12)]
  6257 | D:5      | Reached skill level 10 in Stealth
  6323 | D:5      | Reached XP level 8. HP: 24/36 MP: 9/13
  6405 | D:5      | Found a glowing drain.
  6525 | Sewer    | Entered a sewer
  6621 | Sewer    | Slain by a river rat

Skill      XL: |  1  2  3  4  5  6  7 |
---------------+----------------------+-----
Short Blades   | 2 3 4 5 6 |  6.6
Stealth        | 5 6 7 8 10 | 10.1
Dodging        | 4 6 |  6.3
Spellcasting   | |  2.6
Hexes          | |  3.6

Action                   |  1- 3 |  4- 6 |  7- 9 || total
-------------------------+-------+-------+-------++-------
Melee: Dagger            |   179 |   253 |    77 ||   509
 Cast: Ensorcelled Hiber |     6 |    35 |    12 ||    53
       Corona            |     1 |       |       ||     1
       Confuse           |       |     2 |     6 ||     8
  Use: Potion            |       |       |     4 ||     4
 Stab: Sleeping          |     5 |    35 |     2 ||    42
       Confused          |       |     1 |     4 ||     5
  Eat: Bread ration      |       |     1 |     1 ||     2
       Fruit             |       |       |     3 ||     3
       Royal jelly       |       |       |     1 ||     1
Armor: Robe              |    17 |    17 |     8 ||    42
Dodge: Dodged            |   144 |   201 |    98 ||   443
